 Dungeon Crawl Stone Soup version 0.21-a0-286-g6fcecc0 (webtiles) character file.

669 tidbits the Skirmisher (level 7, -7/63 HPs)
             Began as a Purple Draconian Monk on Sept 27, 2017.
             Killed themself with a badly aimed iceblast (21 damage)
             ... on level 4 of the Dungeon.
             The game lasted 00:14:37 (2504 turns).

tidbits the Skirmisher (Purple Draconian Monk)      Turns: 2504, Time: 00:14:37

Health: -7/63      AC:  7    Str: 14    XL:     7   Next: 32%
Magic:  7/7        EV: 14    Int: 12    God:
Gold:   238        SH:  0    Dex: 13    Spells: 6/6 levels left

rFire    . . .     SeeInvis .   d - +0 dagger (venom)
rCold    . . .     Gourm    .   (no shield)
rNeg     . . .     Faith    .   (armour unavailable)
rPois    .         Spirit   .   (helmet restricted)
rElec    .         Reflect  .   (no cloak)
rCorr    .         Harm     .   G - +0 pair of gloves
MR       +....                  (no boots)
Stlth    ++........             (no amulet)
HPRegen  0.20/turn              (no ring)
MPRegen  0.10/turn              (no ring)

@: short of breath
A: breathe power, unfitting armour, cold-blooded, AC +6
a: Breathe Dispelling Energy


You were on level 4 of the Dungeon.
You were hungry.

You visited 1 branch of the dungeon, and saw 6 of its levels.

You collected 238 gold pieces.

Inventory:

Hand Weapons
 d - a +0 dagger of venom (weapon)
   (You took it off a kobold on level 2 of the Dungeon)
Missiles
 b - 13 arrows
 h - 9 javelins (quivered)
 p - 3 silver javelins
Armour
 G - a +0 pair of gloves (worn)
Wands
 r - a wand of digging (9/24)
 v - a wand of random effects (13/48)
Scrolls
 e - a scroll of teleportation
 i - a scroll of amnesia
 j - 3 scrolls of remove curse
 k - 2 scrolls of blinking {unknown}
 l - a scroll of immolation {unknown}
 m - 2 scrolls of noise
 n - a scroll of magic mapping {unknown}
 s - a scroll of enchant armour {unknown}
Potions
 o - a potion of agility
 q - a potion of brilliance
Books
 f - a book of Callings
   (You found it on level 5 of the Dungeon)

   Spells                             Type                      Level
   a - Summon Small Mammal            Summoning                    1
   b - Call Imp                       Summoning                    2
   c - Call Canine Familiar           Summoning                    3
   d - Summon Guardian Golem          Hexes/Summoning              3
   e - Summon Lightning Spire         Summoning/Air                4
   f - Summon Ice Beast               Ice/Summoning                4
Comestibles
 a - 3 bread rations
 c - 3 meat rations
 t - a royal jelly
 u - a chunk of flesh


   Skills:
 + Level 6.0 Fighting
 + Level 5.1 Dodging
 - Level 4.0 Stealth
 - Level 3.8 Unarmed Combat


You had 6 spell levels left.
You didn't know any spells.

Dungeon Overview and Level Annotations

Branches:
Dungeon (6/15)
 Temple: D:4-7

Altars:
Uskayaw


Innate Abilities, Weirdness & Mutations

You can breathe bolts of dispelling energy.
Your rich purple scales are hard. (AC +6)
You cannot fit into any form of body armour.
You are cold-blooded and may be slowed by cold attacks.


Message History

You open the door.
There is an open door here.
Found 17 gold pieces.
A leopard gecko comes into view.
A quokka comes into view.
The leopard gecko bites you but does no damage.
You hit the leopard gecko.
The leopard gecko is poisoned.
Your tail-slap misses the leopard gecko.
The leopard gecko is moderately wounded.
The leopard gecko barely misses you.
The leopard gecko completely misses you.
You hit the leopard gecko but do no damage.
The leopard gecko looks as sick as possible!
You punch the leopard gecko.
You kill the leopard gecko!
You see here 17 gold pieces. 2 orcs and an orc wizard come into view.
An orc is wielding a flail of holy wrath.
The orc wizard shouts!
The orc shouts! x2
The quokka misses you.
The orc moves out of view.
Found 9 gold pieces.
An orc priest comes into view. It is wielding a hand axe.
You hit the quokka.
The quokka is poisoned.
The quokka is moderately wounded.
The quokka bites you but does no damage.
You completely miss the quokka. You tail-slap the quokka.
You kill the quokka!
You see here 17 gold pieces.
You now have 238 gold pieces (gained 17).
You hit the orc wizard but do no damage.
The orc wizard is poisoned.
The orc wizard hits you but does no damage.
You hit the orc wizard but do no damage.
The orc wizard looks even sicker.
The orc wizard is lightly wounded.
The orc wizard completely misses you.
Press: ? - help, Shift-Dir - straight line, f - orc priest
Aim: an orc priest, wielding a hand axe and wearing a leather armour You breathe a bolt of dispelling energy.
The bolt of dispelling energy misses the orc wizard.
The bolt of dispelling energy misses the orc. x2
The bolt of dispelling energy misses the orc priest.
You are feeling hungry.
The orc wizard hits you but does no damage.
Unknown command.
Okay, then.
Evoke which item? (* to show all) (? for menu, Esc to quit)
Aiming: Random Effects
Press: ? - help, Shift-Dir - straight line, f/p - orc priest
Aim: an orc priest, wielding a hand axe and wearing a leather armour The orc wizard seems to speed up.
This wand has 16 charges left.
The orc wizard hits you with a dagger.
* * * LOW HITPOINT WARNING * * *
Unknown command.
Evoke which item? (* to show all) (? for menu, Esc to quit)
Aiming: Random Effects
Press: ? - help, Shift-Dir - straight line, f/p - orc priest
Aim: an orc priest, wielding a hand axe and wearing a leather armour The orc wizard seems to slow down.
This wand has 15 charges left.
The orc wizard gestures wildly while chanting.
The orc wizard blinks!
The orc priest miscasts a cantrip.
Unknown command.
Evoke which item? (* to show all) (? for menu, Esc to quit)
Aiming: Random Effects
Press: ? - help, Shift-Dir - straight line, f/p - orc priest
Aim: an orc priest, wielding a hand axe and wearing a leather armour The puff of flame hits the orc.
The orc is heavily wounded.
This wand has 14 charges left.
The orc wizard barely misses you.
The orc priest invokes the aid of Beogh against you.
Beogh smites you!
* * * LOW HITPOINT WARNING * * *
The orc misses you.
You barely miss the orc wizard.
You tail-slap the orc wizard, but do no damage.
The orc wizard is heavily wounded.
The orc wizard hits you but does no damage.
You feel better.
The orc wizard hits you but does no damage.
The orc misses you.
Evoke which item? (* to show all) (? for menu, Esc to quit)
Okay, then.
Evoke which item? (* to show all) (? for menu, Esc to quit)
Aiming: Random Effects
Press: ? - help, Shift-Dir - straight line, f/p - orc priest
Aim: an orc priest, wielding a hand axe and wearing a leather armour The orc flickers and vanishes!
This wand has 13 charges left.
The orc wizard gestures at you while chanting.
The magic dart hits you!
* * * LOW HITPOINT WARNING * * *
Something barely misses you.
Unknown command.
Evoke which item? (* to show all) (? for menu, Esc to quit)
Aiming: Random Effects
Press: ? - help, Shift-Dir - straight line, f/p - orc priest
Aim: an orc priest, wielding a hand axe and wearing a leather armour The mass of ice explodes!
The iceblast engulfs something.
You feel a bit more experienced. The iceblast engulfs you!
You die...

.# #.......#
#.#####.....#.....
.####.......# #.#
#.....#.....
....'.......# #.#
#######.....
.####.......# #.#
#..... )#
#.......# #.#
###### .#
#.......# #.# .#
######### #.# .#
#o# .# #@# .# #)#
.# #o# .# #o# .#
#.......$ .#
####.#### ##### .#
oo #.... .# o.+.#
#.#.. .# .#.#
#.'..


You could see an orc priest, an orc wizard and an orc.

Vanquished Creatures
  An ogre (D:5)
  A bullfrog (D:6)
  3 hounds
  Jessica (D:2)
  Natasha (thrice) (D:2)
  4 orc wizards
  A worker ant (D:6)
  Robin (D:3)
  5 adders
  An ooze (D:3)
  5 worms
  6 dart slugs
  4 leopard geckos
  8 orcs
  5 bats
  5 giant cockroaches
  16 goblins
  5 hobgoblins
  12 jackals
  3 quokkas
  A ball python (D:1)
  A frilled lizard (D:3)
  11 kobolds
  A quokka skeleton (D:5)
  A quokka zombie (D:6)
  8 rats
113 creatures vanquished.

Notes
Turn   | Place    | Note
-------+----------+-------------------------------------------
     0 | D:1      | tidbits the Draconian Monk began the quest for the Orb.
     0 | D:1      | Reached XP level 1. HP: 19/19 MP: 1/1
   151 | D:2      | Reached XP level 2. HP: 17/26 MP: 2/2
   257 | D:3      | Reached skill level 3 in Dodging
   257 | D:3      | Reached skill level 2 in Stealth
   257 | D:3      | Reached XP level 3. HP: 9/33 MP: 3/3
   266 | D:3      | HP: 3/33 [goblin/club[Robin] (4)]
   273 | D:3      | Noticed Robin
   421 | D:1      | Reached XP level 4. HP: 25/40 MP: 4/4
   601 | D:2      | Reached skill level 4 in Fighting
   675 | D:2      | Noticed Natasha
   740 | D:2      | Killed Natasha
   889 | D:3      | Reached XP level 5. HP: 11/46 MP: 5/5
   913 | D:2      | Noticed Natasha
   919 | D:2      | HP: 4/46 [Natasha (4)]
   921 | D:2      | Killed Natasha
  1029 | D:2      | Noticed Jessica
  1039 | D:2      | Killed Jessica
  1039 | D:2      | Reached skill level 3 in Stealth
  1060 | D:2      | Noticed Natasha
  1167 | D:2      | HP: 4/47 [Natasha/magic dart (8)]
  1168 | D:2      | Killed Natasha
  1660 | D:3      | Reached skill level 4 in Dodging
  1660 | D:3      | Reached XP level 6. HP: 53/53 MP: 6/6
  1753 | D:3      | Killed Robin
  2040 | D:5      | Entered Level 5 of the Dungeon
  2092 | D:5      | Reached skill level 5 in Fighting
  2092 | D:5      | Reached skill level 4 in Stealth
  2202 | D:6      | Your scales start taking on a rich purple colour.
  2202 | D:6      | Reached XP level 7. HP: 34/61 MP: 7/7
  2271 | D:4      | Found a hide-covered altar of Uskayaw.
  2271 | D:4      | Noticed a dagger
  2271 | D:4      | Noticed a hand axe
  2441 | D:5      | Reached skill level 6 in Fighting
  2441 | D:5      | Reached skill level 5 in Dodging
  2504 | D:4      | Killed themself with a badly aimed iceblast

Vault maps used:
D:1:      minmay_arrival_stair_chambers, minivault_11
D:2:      uniq_natasha, uniq_jessica
D:3:      first_bread, uniq_robin
D:4:      grunt_dithmenos_smoke, dancing_weapons_uskayaw
D:5:      uniq_eustachio
D:6:      minmay_temple_entry_glassed_door, serial_bayou_pond_a,
          grunt_gozag_statues

Skill      XL: |  1  2  3  4  5  6  7 |
---------------+----------------------+-----
Dodging        | 3 4 5 |  5.1
Stealth        | 2 3 4 |  4.0
Fighting       | 4 5 6 |  6.0
Unarmed Combat | |  3.8

Action                   |  1- 3 |  4- 6 |  7- 9 || total
-------------------------+-------+-------+-------++-------
Melee: Unarmed           |    41 |       |       ||    41
       Tailslap          |     6 |    44 |     9 ||    59
       Dagger            |    39 |   260 |    51 ||   350
       Punch             |       |     4 |     1 ||     5
Throw: Javelin           |    27 |    28 |       ||    55
       Throwing net      |       |     2 |       ||     2
 Abil: Breathe Dispellin |       |       |     4 ||     4
Evoke: Wand              |       |     1 |     4 ||     5
  Use: Potion            |     1 |     2 |     1 ||     4
       Scroll            |       |     6 |     2 ||     8
 Stab: Sleeping          |     1 |     1 |     2 ||     4
       Distracted        |       |     1 |       ||     1
  Eat: Chunk             |       |     6 |     1 ||     7
Armor: Skin              |    21 |    70 |    27 ||   118
Dodge: Dodged            |    51 |   178 |    32 ||   261

Table legend:
 A = Spawn XP
 B = Non-spawn XP
 C = Spawn XP percentage of total XP
 D = Spawn monster count
 E = Non-spawn monster count
 F = Spawn count percentage of total count
 G = Total turns spent on level
                    A         B        C        D         E        F      G
               +---------+---------+-------+---------+---------+-------+---------
         Total |       0 |     956 |   0.0 |       0 |     113 |   0.0 |  2504
               +---------+---------+-------+---------+---------+-------+---------
           D:1 |       0 |      21 |   0.0 |       0 |      13 |   0.0 |   444
           D:2 |       0 |     261 |   0.0 |       0 |      37 |   0.0 |   835
           D:3 |       0 |     147 |   0.0 |       0 |      37 |   0.0 |   373
           D:4 |       0 |     109 |   0.0 |       0 |      12 |   0.0 |   606
           D:5 |       0 |     289 |   0.0 |       0 |      10 |   0.0 |   145
           D:6 |       0 |     129 |   0.0 |       0 |       4 |   0.0 |   101
               +---------+---------+-------+---------+---------+-------+---------

Table legend:
 A = Turns spent in this place as a percentage of turns spent in the entire game.
 B = Non-inter-level travel turns spent in this place as a percentage of non-inter-level travel turns spent in the entire game.
 C = Inter-level travel turns spent in this place as a percentage of turns spent in this place.
 D = Turns resting spent in this place as a percentage of non-inter-level travel turns spent in this place.
 E = Turns spent auto-exploring this place as a percentage of non-inter-level travel turns spent in this place.
 F = Non-inter-level travel turns spent in this place divided by the number of levels of this place that you've seen.
                   A       B       C       D       E      F
               +-------+-------+-------+-------+-------+----------------------
         Total | 100.0 | 100.0 |   6.2 |   0.0 |   0.0 | 391.3
       Dungeon | 100.0 | 100.0 |   6.2 |   0.0 |   0.0 | 391.3
               +-------+-------+-------+-------+-------+----------------------

Table legend:
 A = Kills in this place as a percentage of kills in entire the game.
 B = Kills by you in this place as a percentage of kills by you in the entire game.
 C = Kills by friends in this place as a percentage of kills by friends in the entire game.
 D = Other kills in this place as a percentage of other kills in the entire game.
 E = Experience gained in this place as a percentage of experience gained in the entire game.
 F = Experience gained in this place divided by the number of levels of this place that you have seen.
                   A       B       C       D       E      F
               +-------+-------+-------+-------+-------+----------------------
         Total | 100.0 | 100.0 |   N/A |   N/A | 100.0 | 159.3
       Dungeon | 100.0 | 100.0 |   N/A |   N/A | 100.0 | 159.3
               +-------+-------+-------+-------+-------+----------------------

Vault maps used:
D:1:      minmay_arrival_stair_chambers, minivault_11
D:2:      uniq_natasha, uniq_jessica
D:3:      first_bread, uniq_robin
D:4:      grunt_dithmenos_smoke, dancing_weapons_uskayaw
D:5:      uniq_eustachio
D:6:      minmay_temple_entry_glassed_door, serial_bayou_pond_a,
          grunt_gozag_statues
